 Dungeon Crawl Stone Soup version 0.27.1-33-g824d729ab1 (webtiles) character file.

Game seed: 8621638896150078106

1822 Destapler the Covered (level 8, -6/74 HPs)
             Began as a Minotaur Fighter on Dec 7, 2021.
             Was an Elder of the Shining One.
             Mangled by a two-headed ogre (8 damage)
             ... on level 6 of the Dungeon.
             The game lasted 00:11:36 (7190 turns).

Destapler the Covered (Minotaur Fighter)            Turns: 7190, Time: 00:11:38

Health: -6/74      AC:  9    Str: 24    XL:     8   Next: 85%
Magic:  7/7        EV:  8    Int:  5    God:    the Shining One [****..]
Gold:   359        SH: 12    Dex:  9    Spells: 7/7 levels left

rFire    . . .     SeeInvis .   a - +1 long sword
rCold    . . .     Faith    .   c - +1 kite shield
rNeg     + + .     Spirit   .   w - +0 scale mail
rPois    .         Reflect  .   (helmet restricted)
rElec    .         Harm     .   (no cloak)
rCorr    .         Rampage  .   e - +0 pair of gloves
Will     .....                  (no boots)
Stlth    ..........             (no amulet)
HPRegen  0.22/turn              (no ring)
MPRegen  0.10/turn              (no ring)

@: glowing, studying Unarmed Combat
A: horns 2, retaliatory headbutt
a: Renounce Religion, Divine Shield, Cleansing Flame


You were on level 6 of the Dungeon.
You worshipped the Shining One.
The Shining One was greatly pleased with you.
You visited 2 branches of the dungeon, and saw 8 of its levels.
You also visited: Ossuary.

You collected 359 gold pieces.

Inventory:

Hand Weapons
 a - a +1 long sword (weapon)
 b - a +0 hand axe of flaming
 p - a +0 whip of venom
Missiles
 f - 8 poisoned darts (quivered)
Armour
 c - a +1 kite shield (worn)
 e - a +0 pair of gloves (worn)
 w - a +0 scale mail (worn)
Jewellery
 u - a ring of magical power
Wands
 h - a wand of paralysis (10)
 s - a wand of flame (18)
Scrolls
 j - a scroll of silence
 v - 2 scrolls of immolation
 x - a scroll of fog {unknown}
 y - 2 scrolls of identify
 B - a scroll of magic mapping {unknown}
Potions
 d - a potion of might
 g - 2 potions of berserk rage
 i - 3 potions of curing
 k - 2 potions of attraction
 l - 2 potions of resistance
 m - a potion of magic {unknown}
 n - 2 potions of lignification {unknown}
 o - a potion of experience {unknown}
 q - a potion of flight {unknown}
 r - 2 potions of brilliance {unknown}
 t - a potion of ambrosia {unknown}
 z - a potion of heal wounds {unknown}
 A - a potion of mutation {unknown}


   Skills:
 + Level 7.7 Fighting
 + Level 7.3 Long Blades
 + Level 7.8 Armour
 + Level 7.7 Shields


You had 7 spell levels left.
You didn't know any spells.
Your spell library contained the following spells:

 Spells                   Type           Power      Damage    Failure   Level
 Magic Dart               Conj           0%         1d3       96%         1
 Call Imp                 Summ           0%         N/A       99%         2
 Static Discharge         Conj/Air       0%         N/A       99%         2
 Mephitic Cloud           Conj/Pois/Air  0%         N/A       100%        3
 Dispel Undead            Necr           0%         3d6       100%        4
 Sticky Flame             Conj/Fire      0%         2d3       100%        4


Dungeon Overview and Level Annotations

Branches:
Dungeon (7/15)             Temple (1/1) D:4         Ossuary (visited)

Altars:
Ashenzari
Cheibriados
Dithmenos
Elyvilon
Hepliaklqana
Kikubaaqudgha
Makhleb
Nemelex Xobeh
Qazlal
Ru
Sif Muna
Trog
Uskayaw
Vehumet
Wu Jian
Xom
Yredelemnul
Zin
The Shining One
Beogh

Shops:
D:4 (   D:6 *


Innate Abilities, Weirdness & Mutations

You have a pair of horns on your head.
You reflexively headbutt those who attack you in melee.


Message History

You hear a shout! x2
The two-headed ogre hits you with a +0 dire flail.
The two-headed ogre hits you with a +0 giant club!!
An orc priest comes into view. It is wielding a +0 dagger.
There is a stone staircase leading up here.
You block the two-headed ogre's attack.
The two-headed ogre hits you with a +0 giant club!!
* * * LOW HITPOINT WARNING * * *
You climb upwards.
There is a stone staircase leading down here.
The two-headed ogre hits you but does no damage.
You block the two-headed ogre's attack.
You hit the two-headed ogre but do no damage.
The two-headed ogre hits you but does no damage.
The two-headed ogre barely misses you.
You slash the two-headed ogre! You headbutt the two-headed ogre.
The two-headed ogre is moderately wounded.
You block the two-headed ogre's attack. The two-headed ogre barely misses you.
You hit the two-headed ogre.
Your headbutt misses the two-headed ogre.
The two-headed ogre is moderately wounded.
The two-headed ogre hits you with a +0 dire flail!
The two-headed ogre hits you with a +0 giant club!
You slash the two-headed ogre!
The two-headed ogre is heavily wounded.
The two-headed ogre hits you with a +0 dire flail!
* * * LOW HITPOINT WARNING * * *
You block the two-headed ogre's attack.
You hit the two-headed ogre but do no damage.
The two-headed ogre is heavily wounded.
The two-headed ogre hits you with a +0 dire flail!
* * * LOW HITPOINT WARNING * * *
The two-headed ogre closely misses you.
You barely miss the two-headed ogre.
Your headbutt misses the two-headed ogre.
The two-headed ogre is heavily wounded.
The two-headed ogre hits you with a +0 dire flail!!
* * * LOW HITPOINT WARNING * * *
The two-headed ogre hits you with a +0 giant club!
You die...

######## .......#
######.#################
>......................#
######.###.......#####.#
#.# #.####..# #.##
#.###.## #..# #..#
#.##...####.# #..#
######.......###@#####..#
.......[.......#.O......#
########.#.....####.###.#
#.#..........# #.#
#.#.....###### #.#
#.#.....# #.# #.###.###
#.# #.###.##########.#
#..#...........#.##


You could see a two-headed ogre.

Vanquished Creatures
  A yak (D:5)
  Menkaure (D:6)
  A necrophage (D:6)
  2 ice beasts
  A black bear (D:6)
  2 ogres (D:6)
  A phantom (D:6)
  2 elf zombies (Ossuary)
  A scorpion (D:5)
  A water moccasin skeleton (D:5)
  2 howler monkeys
  A centaur zombie (Ossuary)
  2 bullfrog zombies
  2 orc priests (D:4)
  A hound (D:5)
  A jelly (D:5)
  A bullfrog skeleton (D:5)
  3 iguanas
  An orc wizard (D:4)
  A scorpion zombie (D:5)
  4 hound skeletons
  2 mummies (Ossuary)
  A howler monkey skeleton (D:5)
  8 adders
  2 ufetubi
  An adder zombie (Ossuary)
  An adder skeleton (D:4)
  2 worms
  2 dart slugs
  7 ball pythons
  7 endoplasms
  7 giant cockroaches
  2 goblins (D:2)
  5 hobgoblins
  7 jackals
  9 kobolds
  4 quokkas
  5 bats
  3 frilled lizards
  4 goblin zombies (Ossuary)
  3 hobgoblin zombies (Ossuary)
  15 kobold zombies (Ossuary)
  8 orc zombies (Ossuary)
  6 rats
  3 rat zombies (Ossuary)
146 creatures vanquished.

Notes
Turn   | Place    | Note
-------+----------+-------------------------------------------
     0 | D:1      | Destapler the Minotaur Fighter began the quest for the Orb.
     0 | D:1      | Reached XP level 1. HP: 19/19 MP: 0/0
   214 | D:1      | Reached XP level 2. HP: 8/27 MP: 1/1
   795 | D:1      | Reached XP level 3. HP: 33/33 MP: 2/2
  1423 | D:2      | Reached XP level 4. HP: 22/40 MP: 3/3
  2834 | D:3      | Found a shadowy altar of Dithmenos.
  3171 | D:4      | Found a broken altar of Ashenzari.
  3307 | D:4      | Found a hide-covered altar of Uskayaw.
  3456 | D:4      | Reached XP level 5. HP: 47/47 MP: 4/4
  3462 | D:4      | Found Gemei's Antique Weapon Shop.
  3489 | D:4      | Found an ornate altar of the Wu Jian Council.
  3534 | D:4      | Found a burning altar of Makhleb.
  3534 | D:4      | Found a shimmering altar of Xom.
  3540 | D:4      | Found a glowing golden altar of the Shining One.
  3542 | D:4      | Found a stormy altar of Qazlal.
  3544 | D:4      | Found a hazy altar of Hepliaklqana.
  3604 | D:4      | Found a staircase to the Ecumenical Temple.
  3708 | Temple   | Entered the Ecumenical Temple
  4145 | D:4      | Reached skill level 5 in Fighting
  4145 | D:4      | Reached skill level 5 in Armour
  4187 | D:4      | Became a worshipper of the Shining One
  4533 | D:5      | Entered Level 5 of the Dungeon
  4539 | D:5      | Reached skill level 5 in Shields
  4666 | D:5      | Reached XP level 6. HP: 41/56 MP: 5/5
  4987 | D:5      | Found a bloodstained altar of Trog.
  5087 | D:5      | Found a sand-covered staircase.
  5091 | D:5      | Reached skill level 5 in Long Blades
  5108 | Ossuary  | Entered an ossuary
  5118 | Ossuary  | Reached * piety under the Shining One
  5168 | Ossuary  | Reached ** piety under the Shining One
  5182 | Ossuary  | Reached XP level 7. HP: 57/62 MP: 6/6
  5190 | Ossuary  | Reached *** piety under the Shining One
  5380 | D:5      | Noticed a yak
  5407 | D:5      | Killed a yak
  5778 | D:5      | Reached **** piety under the Shining One
  5846 | D:5      | Reached XP level 8. HP: 71/71 MP: 7/7
  6192 | D:6      | Found Qugotimn's Neck Hole.
  6778 | D:6      | Noticed Menkaure
  6786 | D:6      | Killed Menkaure
  7002 | D:7      | Noticed a two-headed ogre
  7190 | D:6      | HP: 2/74 [two-headed ogre (18)]
  7190 | D:6      | Mangled by a two-headed ogre

Illustrated notes

Levels and vault maps discovered:
D:1:      scummos_arrival_simple_crosswalls, layout_rooms, minivault_4
D:2:      layout_basic, roderic_roman_lattice
D:3:      layout_loops_corners, nicolae_dithmenos_through_a_glass_darkly,
          minmay_misc_feat_tower
D:4:      layout_loops_ring, mainiacjoe_overflow_small_starburst,
          eat_drink_and_be_merry_uskayaw, mainiacjoe_overflow_paths,
          chequers_temple_overflow_minitemple, minmay_temple_entry_nine_rooms,
          serial_shops, shop_statue, nrook_loot_triangle, kennysheep_orc_chapel
D:5:      layout_cave_pods, bloody_trog, enter_ossuary_1,
          minmay_strange_pillars, minmay_manual_maat
D:6:      layout_loops_ring, nicolae_shop_sticking_my_neck_out, uniq_menkaure
D:7:      layout_loops_ring, hangedman_decor_growths,
          kennysheep_generic_room_16, uniq_crazy_yiuf_cottage
Temple:   compressed_dpeg_triangle_lava_temple

Skill      XL: |  1  2  3  4  5  6  7  8 |
---------------+-------------------------+-----
Fighting       | 4 5 6 7 |  7.7
Armour         | 4 5 6 7 |  7.8
Shields        | 4 5 6 7 |  7.7
Long Blades    | 3 4 5 6 7 |  7.3

Action                   |  1- 3 |  4- 6 |  7- 9 || total
-------------------------+-------+-------+-------++-------
Melee: Long sword        |   100 |    69 |   127 ||   296
       Headbutt          |     9 |    26 |    29 ||    64
       Whip              |       |    88 |       ||    88
Throw: Dart              |       |       |     1 ||     1
  Use: Scroll            |       |     5 |     7 ||    12
Armor: Scale mail        |    51 |    68 |    64 ||   183
Dodge: Dodged            |    25 |    74 |    41 ||   140
Block: Kite shield       |    54 |    99 |    76 ||   229
       Rpst.: Long sword |     5 |    14 |    13 ||    32
